 Dungeon Crawl Stone Soup version 0.23-a0-607-g760965b (webtiles) character file.

1232 tilp the Frost Mage (level 8, 0/60 HPs)
             Began as a Merfolk Ice Elementalist on Dec 20, 2018.
             Was a Follower of Makhleb.
             Slain by a wight
             ... wielding a cursed +5 falchion of freezing
              (3 damage)
             ... on level 6 of the Dungeon.
             The game lasted 00:19:56 (6005 turns).

tilp the Frost Mage (Merfolk Ice Elementalist)      Turns: 6005, Time: 00:19:58

Health: 0/60       AC: 12    Str:  9    XL:     8   Next: 48%
Magic:  11/14      EV: 15    Int: 16    God:    Makhleb [*.....]
Gold:   347        SH:  0    Dex: 14    Spells: 9/15 levels left

rFire    . . .     SeeInvis +   H - +2 short sword (elec)
rCold    . . .     Gourm    .   (no shield)
rNeg     + . .     Faith    .   I - +2 robe {rN+}
rPois    .         Spirit   .   u - +1 helmet
rElec    .         Reflect  .   (no cloak)
rCorr    .         Harm     .   (no gloves)
MR       +....                  (no boots)
Stlth    ++........             (no amulet)
HPRegen  0.20/turn              g - ring of protection from magic
MPRegen  0.14/turn              w - ring of see invisible

@: icy armour, drained
A: change form in water, swift swim, stealthy swim
a: Renounce Religion


You were on level 6 of the Dungeon.
You worshipped Makhleb.
Makhleb was aware of your devotion.
You were hungry.

You visited 2 branches of the dungeon, and saw 7 of its levels.
You also visited: Sewer.

You collected 347 gold pieces.

Inventory:

Hand Weapons
 a - a +3 dagger
 b - a +0 hunting sling
 p - a +0 lajatang
 r - a +0 dagger of venom
 C - a +0 halberd
 D - a +0 spear
 H - a +2 short sword of electrocution (weapon)
 K - a +0 trident
Missiles
 e - 174 stones (quivered)
 y - 21 sling bullets
 A - 2 curare-tipped needles
Armour
 k - a +0 leather armour
 u - a +1 helmet (worn)
 I - a +2 robe of positive energy (worn)
Magical Staves
 J - an uncursed staff of conjuration
Jewellery
 g - a ring of protection from magic (left hand)
 w - a ring of see invisible (right hand)
 F - an uncursed ring of ice
Wands
 d - a wand of polymorph (7)
 z - a wand of acid (4)
 G - a wand of scattershot (6)
Scrolls
 f - a scroll of magic mapping {unknown}
 m - 3 scrolls of remove curse
 o - 3 scrolls of teleportation
 q - 2 scrolls of fog
 v - a scroll of fear
 x - a scroll of enchant armour {unknown}
 E - a scroll of random uselessness {unknown}
Potions
 h - 2 potions of flight {unknown}
 i - 2 potions of cancellation
 j - a potion of curing
 l - a potion of ambrosia
 n - a potion of heal wounds
 s - 3 potions of brilliance
 t - a potion of might {unknown}
Comestibles
 c - 12 rations


   Skills:
 - Level 4.0(2.9) Fighting
 - Level 6.1(4.9) Dodging
 - Level 2.1(1.1) Stealth
 - Level 4.0(2.9) Spellcasting
 - Level 0.7(0.0) Conjurations
 - Level 8.0(6.7) Ice Magic
 + Level 0.0 Invocations
 - Level 2.2(1.1) Evocations


You had 9 spell levels left.
You knew the following spells:

 Your Spells              Type           Power        Failure   Level  Hunger
a - Freeze                Ice            ###.         1%          1    #......
b - Throw Frost           Conj/Ice       ##....       7%          2    ##.....
c - Ozocubu's Armour      Chrm/Ice       ##......     14%         3    ###....

Your spell library contained the following spells:

 Spells                   Type           Power        Failure   Level  Hunger
 Summon Ice Beast         Ice/Summ       ##......     43%         4    #####..
 Throw Icicle             Conj/Ice       ##......     43%         4    #####..


Dungeon Overview and Level Annotations

Branches:
Dungeon (6/15)             Temple (1/1) D:5

Altars:
Ashenzari
Cheibriados
Dithmenos
Fedhas
Hepliaklqana
Makhleb
Nemelex Xobeh
Qazlal
Ru
Uskayaw
Wu Jian
Xom
Yredelemnul
Zin

Shops:
D:4 (

Annotations:
D:5 Edmund


Message History

The wight is almost destroyed.
The wight misses you.
You hit the wight.
The wight is almost destroyed.
The wight hits you with a cursed +5 falchion of freezing!
* * * LOW HITPOINT WARNING * * *
You partially resist.
You feel drained.
* * * LOW HITPOINT WARNING * * *
The wight freezes you.
* * * LOW HITPOINT WARNING * * *
Unknown command.
You feel better. The wight closely misses you.
You barely miss the wight.
The wight is almost destroyed.
The wight hits you with a cursed +5 falchion of freezing.
* * * LOW HITPOINT WARNING * * *
You partially resist.
You feel drained.
* * * LOW HITPOINT WARNING * * *
The wight freezes you.
You die...

#...................##..##.
#...##..........#....#..##.
##.###..........##....>....
#.# ##.........####.......
###.# #........## ##......
#...####[##..##.# #......
#.#......##.###.# ##......
.......#####z# #.# #.......
z.......<# #@###.#
##.......
#..........#####)##..#
#..#.....
#..........z........##
##..######
#.!>................# #...#
#...................# #..##
................# #..#
................# ####
................#
.......##########


You could see a wight.

Vanquished Creatures
  An ogre (D:4)
  A big kobold (Sewer)
  A bullfrog (D:6)
  A water moccasin zombie (D:6)
  4 wights (D:6)
  2 howler monkeys
  A bullfrog zombie (D:6)
  2 crimson imps
  A hound (D:6)
  An orc priest (D:6)
  3 bullfrog skeletons
  5 orc wizards
  A worker ant (D:6)
  Robin (D:2)
  4 gnolls
  12 adders
  A howler monkey skeleton (D:6)
  A river rat (Sewer)
  A shadow imp (D:5)
  An ooze (D:3)
  An adder zombie (D:5)
  A worm (D:3)
  2 dart slugs (D:4)
  5 leopard geckos
  13 orcs
  5 giant cockroaches
  15 goblins
  7 hobgoblins
  6 jackals
  7 kobolds
  A quokka (D:5)
  4 ball pythons
  6 bats
  6 frilled lizards
  A leopard gecko skeleton (D:5)
  A leopard gecko zombie (D:6)
  12 rats
138 creatures vanquished.

Notes
Turn   | Place    | Note
-------+----------+-------------------------------------------
     0 | D:1      | tilp the Merfolk Ice Elementalist began the quest for the
                  | Orb.
     0 | D:1      | Reached XP level 1. HP: 13/13 MP: 3/3
   233 | D:1      | Reached XP level 2. HP: 17/19 MP: 3/5
   237 | D:1      | Learned a level 2 spell: Throw Frost
   274 | D:1      | Reached skill level 4 in Ice Magic
   851 | D:1      | Reached XP level 3. HP: 24/24 MP: 6/6
   856 | D:1      | Learned a level 3 spell: Ozocubu's Armour
   980 | D:2      | Reached skill level 5 in Ice Magic
  1165 | D:2      | Reached XP level 4. HP: 25/30 MP: 1/7
  1331 | D:2      | Noticed Robin
  1346 | D:2      | Killed Robin
  1755 | D:3      | You fall through a shaft for 2 floors!
  1755 | D:5      | Entered Level 5 of the Dungeon
  1801 | D:5      | Found a shattered altar of Ashenzari.
  2003 | D:4      | Reached skill level 6 in Ice Magic
  2003 | D:4      | Reached XP level 5. HP: 24/35 MP: 5/8
  2665 | D:3      | Reached skill level 1 in Fighting
  3214 | D:4      | Reached XP level 6. HP: 33/44 MP: 0/9
  3324 | D:4      | Reached skill level 1 in Evocations
  3634 | D:4      | Found Xenuov's Weapon Shoppe.
  3889 | D:5      | Found a staircase to the Ecumenical Temple.
  3895 | Temple   | Entered the Ecumenical Temple
  3924 | Temple   | Became a worshipper of Makhleb the Destroyer
  4216 | D:5      | Noticed Edmund
  4353 | D:5      | Reached XP level 7. HP: 50/50 MP: 11/11
  4888 | D:6      | Reached skill level 7 in Ice Magic
  4957 | D:6      | Found a glowing drain.
  4961 | Sewer    | Entered a sewer
  4963 | Sewer    | Reached * piety under Makhleb
  5303 | Sewer    | Found a white marble altar of Elyvilon.
  5401 | D:6      | Reached skill level 8 in Ice Magic
  5401 | D:6      | Reached XP level 8. HP: 55/56 MP: 14/14
  5535 | D:6      | Reached skill level 5 in Dodging
  6003 | D:6      | HP: 3/60 [wight/cursed +5 falchion of freezing (9)]
  6003 | D:6      | HP: 1/60 [wight/cursed +5 falchion of freezing (1)]
  6005 | D:6      | Slain by a wight

Vault maps used:
D:1:      psy_arrival_whirlpool, minmay_shallow_snake_nest
D:2:      uniq_robin
D:4:      serial_shops, kennysheep_mini_moat
D:5:      minmay_temple_entry_waves, first_ration, minmay_misc_feat_columns,
          evilmike_ruin_ashenzari, uniq_edmund
D:6:      gup_sewer_entry_spiral
Temple:   regret_index_temple_sigil_plot
Sewer:    sewer_kobolds

Skill      XL: |  1  2  3  4  5  6  7  8 |
---------------+-------------------------+-----
Ice Magic      | 4 5 6 8 |  8.0
Dodging        | 4 6 |  6.1
Fighting       | 2 4 |  4.0
Evocations     | 2 |  2.2
Spellcasting   | 3 4 |  4.0
Stealth        | |  2.1
Conjurations   | |  0.7

Action                   |  1- 3 |  4- 6 |  7- 9 || total
-------------------------+-------+-------+-------++-------
Melee: Dagger            |    34 |   123 |    25 ||   182
       Short sword       |       |       |   119 ||   119
       Tailslap          |       |       |     3 ||     3
 Fire: Hunting sling     |    19 |    65 |     1 ||    85
 Cast: Freeze            |    24 |    53 |    37 ||   114
       Throw Frost       |     1 |     2 |    10 ||    13
       Ozocubu's Armour  |       |    11 |     8 ||    19
  Use: Scroll            |       |    10 |     2 ||    12
       Potion            |       |       |     3 ||     3
 Stab: Sleeping          |     1 |       |     3 ||     4
  Eat: Chunk             |     1 |    12 |     6 ||    19
Armor: Robe              |     1 |       |    11 ||    12
       Leather armour    |    13 |    61 |    33 ||   107
Dodge: Dodged            |    37 |   101 |   126 ||   264

Table legend:
 A = Non-vault XP
 B = Vault XP
 C = Vault XP percentage of total XP
 D = Non-vault monster count
 E = Vault monster count
 F = Vault count percentage of total count
                 A         B        C        D         E       F
            +---------+---------+-------+---------+---------+-------
      Total |    1557 |     203 |  11.5 |     109 |      29 |  21.0
            +---------+---------+-------+---------+---------+-------
        D:1 |      32 |       3 |   8.6 |      20 |       2 |   9.1
        D:2 |      55 |      34 |  38.2 |      14 |      11 |  44.0
        D:3 |      92 |       0 |   0.0 |      21 |       0 |   0.0
        D:4 |     315 |       0 |   0.0 |      12 |       0 |   0.0
        D:5 |     209 |       0 |   0.0 |      12 |       0 |   0.0
        D:6 |     854 |      44 |   4.9 |      30 |       6 |  16.7
      Sewer |       0 |     122 | 100.0 |       0 |      10 | 100.0
            +---------+---------+-------+---------+---------+-------
